 Dungeon Crawl Stone Soup version 0.29.1-12-g30fa7ad0bf (webtiles) character file.

Game seed: 18089613379161163782

0 wormed the Covert (level 1, 0/23 HPs)
             Began as a Gnoll Delver on Dec 21, 2022.
             Was an Initiate of Okawaru.
             Slain by an orc
             ... wielding a +0 war axe
              (4 damage)
             ... on level 4 of the Dungeon.
             The game lasted 00:01:36 (143 turns).

wormed the Covert (Gnoll Delver)                     Turns: 143, Time: 00:01:37

Health: 0/23       AC:  3    Str: 11    XL:     1   Next: 0%
Magic:  1/1        EV: 13    Int:  9    God:    Okawaru [......]
Gold:   10         SH:  0    Dex: 13    Spells: 0/0 levels left

rFire   . . .      SeeInvis .   a - +0 short sword
rCold   . . .      Faith    .   (no shield)
rNeg    . . .      Spirit   .   b - +0 leather armour
rPois   .          Reflect  .   (no helmet)
rElec   .          Harm     .   (no cloak)
rCorr   .          Rampage  .   (no gloves)
Will    .....                   (no boots)
Stlth   ++++......              (no amulet)
HPRegen 0.07/turn               (no ring)
MPRegen 0.07/turn               (no ring)

@: no status effects
A: fangs 1, strong nose, distributed training
a: Renounce Religion


You were on level 4 of the Dungeon.
You worshipped Okawaru.
Okawaru was noncommittal.
You visited 2 branches of the dungeon, and saw 3 of its levels.

You collected 10 gold pieces.

Inventory:

Hand Weapons
 a - a +0 short sword (weapon)
Armour
 b - a +0 leather armour (worn)
Wands
 g - a wand of digging (3)
Scrolls
 c - a scroll of noise {unknown}


   Skills:
 + Level 6.4 Fighting
 + Level 4.4 Short Blades
 + Level 0.0 Long Blades
 + Level 0.0 Axes
 + Level 0.0 Maces & Flails
 + Level 0.0 Polearms
 + Level 0.0 Staves
 + Level 0.0 Ranged Weapons
 + Level 0.0 Throwing
 + Level 0.0 Armour
 + Level 4.4 Dodging
 + Level 9.5 Stealth
 + Level 0.0 Shields
 + Level 0.0 Unarmed Combat
 + Level 0.0 Spellcasting
 + Level 0.0 Conjurations
 + Level 0.0 Hexes
 + Level 0.0 Summonings
 + Level 0.0 Necromancy
 + Level 0.0 Translocations
 + Level 0.0 Transmutations
 + Level 0.0 Fire Magic
 + Level 0.0 Ice Magic
 + Level 0.0 Air Magic
 + Level 0.0 Earth Magic
 + Level 0.0 Poison Magic
 + Level 0.0 Invocations
 + Level 0.0 Evocations


You couldn't memorise any spells.
You didn't know any spells.
Your spell library was empty.

Dungeon Overview and Level Annotations

Branches:
Dungeon (5/15)             Temple (1/1) D:5

Altars:
Ashenzari
Dithmenos
Fedhas
Gozag
Hepliaklqana
Makhleb
Nemelex Xobeh
Okawaru
Sif Muna
Trog
Vehumet
Wu Jian
Xom
Zin
The Shining One


Innate Abilities, Weirdness & Mutations

You have very sharp teeth.
Your uncanny sense of smell can sniff out nearby items.
Your experience applies equally to all skills.


Message History

The hound closely misses you. The hound attacks as you move away!
The hound closely misses you.
A scorpion comes into view.
Found a stone staircase leading up.
Found 12 gold pieces.
There is a stone staircase leading up here.
You climb upwards.
Your extra speed is starting to run out.
There is a stone staircase leading down here.
Found 9 gold pieces.
The orc shouts!
An orc priest comes into view. It is wielding a +0 club.
Found a scroll labelled MERUQU GOISIVO.
c - a scroll labelled MERUQU GOISIVO You feel yourself slow down.
Found 14 gold pieces.
You see here 14 gold pieces.
You hit the orc. Your bite misses the orc.
The orc is lightly wounded.
The orc barely misses you.
You hit the orc but do no damage. You hit the orc.
The orc is moderately wounded.
The orc hits you with a +0 war axe.
* * * LOW HITPOINT WARNING * * *
The orc priest shouts!
You hit the orc but do no damage.
The orc is moderately wounded.
You hear a shout! x2
The orc barely misses you.
You hit the orc but do no damage.
The orc is moderately wounded.
You barely miss the orc. You bite the orc, but do no damage.
The orc is moderately wounded.
The orc priest looks braver for a moment.
The orc closely misses you.
The orc shouts!
The orc closely misses you. The orc hits you with a +0 war axe.
You die...

#........#
#######.######.#
#........# #.# #
#.#####.o#####.# .
#...$.o.##..#.#
#.##..#o#.$.#.#
##.##..........#
#.>.##.#.#..o#.#
#........#.o.@...#
###...#######.####
##.## #.#


ooo #+# ∆ oo. ### You could see 2 orc priests and 3 orcs.

Vanquished Creatures (others)
  2 plants (D:5)
2 creatures vanquished.

Notes
Turn   | Place    | Note
-------+----------+-------------------------------------------
     0 | D:5      | Reached skill level 9 in Stealth
     0 | D:5      | wormed the Gnoll Delver began the quest for the Orb.
     0 | D:5      | Reached XP level 1. HP: 23/23 MP: 1/1
    36 | D:5      | Noticed a water moccasin
    40 | D:5      | Found a staircase to the Ecumenical Temple.
    47 | Temple   | Entered the Ecumenical Temple
    55 | Temple   | Became a worshipper of Warmaster Okawaru
    73 | D:5      | Noticed a water moccasin
    86 | D:5      | Noticed a hound
   104 | D:5      | Noticed a scorpion
   114 | D:4      | Noticed an orc priest
   116 | D:4      | Noticed an orc priest
   143 | D:4      | Slain by an orc

Illustrated notes

Levels and vault maps discovered:
D:4:      layout_loops_corners, kennysheep_slug_shrine
D:5:      layout_loops_ring, minmay_temple_entry_gardened_gates, uniq_eustachio
Temple:   nicolae_temple_no_exploring_needed

Skill      XL: | |
---------------+-+-----
Stealth        | |  9.5
Fighting       | |  6.4
Short Blades   | |  4.4
Dodging        | |  4.4

Action                   || total
-------------------------++-------
Melee: Short sword       ||    11
       Bite              ||     2
  Use: Scroll            ||     3
       Potion            ||     1
Armor: Leather armour    ||     1
Dodge: Dodged            ||    15
